 Dungeon Crawl Stone Soup version 0.20.1-1-g8b1a95d (webtiles) character file.

25 Minstaer the Gusty (level 3, 0/19 HPs)
             Began as a Tengu Air Elementalist on Nov 4, 2017.
             Succumbed to an adder's poison
             ... on level 2 of the Dungeon.
             The game lasted 00:08:33 (844 turns).

Minstaer the Gusty (Tengu Air Elementalist)          Turns: 844, Time: 00:08:34

Health: 0/19       AC:  2    Str:  9    XL:     3   Next: 4%
Magic:  1/7        EV: 12    Int: 15    God:
Gold:   119        SH:  0    Dex: 14    Spells: 2/6 levels left

rFire    . . .     SeeInvis .   d - +0 dagger
rCold    . . .     Gourm    .   (no shield)
rNeg     . . .     Faith    .   a - +0 robe
rPois    .         Spirit   .   (helmet restricted)
rElec    .         Reflect  .   (no cloak)
rCorr    .         Harm     .   (no gloves)
MR       .....                  (boots unavailable)
Stlth    ++........             (no amulet)
Regen    0.1/turn               (no ring)
MPRegen  0.1/turn               (no ring)

@: lethally poisoned (0 -> -9)
A: beak, talons 3
a: no special abilities


You were on level 2 of the Dungeon.
You were not hungry.

You visited 1 branch of the dungeon, and saw 2 of its levels.

You collected 119 gold pieces.

Inventory:

Hand Weapons
 d - a +0 dagger (weapon)
 j - a +3 hand axe of pain
 r - a +0 dagger of venom
Missiles
 e - 71 stones (quivered)
 n - 16 bolts
 p - 12 arrows
Armour
 a - a +0 robe (worn)
 m - a +0 ring mail
Scrolls
 g - 4 scrolls of identify {unknown}
 h - a scroll of teleportation {unknown}
 i - a scroll of magic mapping {unknown}
 q - a scroll of remove curse {unknown}
 s - a scroll of recharging {unknown}
 v - a scroll of amnesia {unknown}
 w - a scroll of enchant armour {unknown}
Potions
 k - a potion of heal wounds {unknown}
 l - 3 potions of berserk rage {unknown}
 t - a potion of resistance {unknown}
 u - a potion of haste {unknown}
Books
 b - a book of Air

   Spells                             Type                      Level
   a - Shock                          Conjuration/Air              1
   b - Swiftness                      Charms/Air                   2
   c - Static Discharge               Conjuration/Air              3
   d - Airstrike                      Air                          4
   e - Lightning Bolt                 Conjuration/Air              5
Comestibles
 c - a bread ration
 o - a meat ration


   Skills:
 - Level 2.1 Dodging
 - Level 2.0 Stealth
 + Level 2.1 Spellcasting
 * Level 3.1 Conjurations
 + Level 4.3 Air Magic


You had 2 spell levels left.
You knew the following spells:

 Your Spells              Type           Power        Failure   Level  Hunger
a - Shock                 Conj/Air       ##..         4%          1    #......
b - Static Discharge      Conj/Air       ##......     14%         3    ###....


Dungeon Overview and Level Annotations

Branches:
Dungeon (2/15)

Altars:
Ashenzari


Innate Abilities, Weirdness & Mutations

You have a beak for a mouth.
You have claws for feet.


Message History

The adder closely misses you. The adder barely misses you.
Found 18 gold pieces.
You feel sick.
The kobold shouts!
The adder barely misses you. The adder barely misses you.
A bat comes into view.
You feel sick. The adder bites you.
* * * LOW HITPOINT WARNING * * *
The kobold hits you but does no damage.
The kobold throws a stone.
The stone hits you.
* * * LOW HITPOINT WARNING * * *
You see here a stone.
The adder bites you.
* * * LOW HITPOINT WARNING * * *
You are more poisoned.
The adder poisons you! The adder barely misses you.
* * * LOW HITPOINT WARNING * * *
You feel sick.
You die...

....................
...............###..
....................
.#.(..#............#
#.......#..#####..###
###........# ....#
#.......#### ##.#
###.#...)..#...####.####
....#...##......@......#
......#.##...####.S###..
......#....######.#####..
........####.....S.....#
........†..$.....<.......
.....##.##.........$.....
.....##.##...............
.>......##...............
.....##.##...............


You could see 2 adders.

Vanquished Creatures
  2 leopard geckos
  2 ball pythons (D:1)
  2 giant cockroaches (D:1)
  5 goblins (D:1)
  A hobgoblin (D:1)
  6 bats (D:1)
  4 rats
22 creatures vanquished.

Notes
Turn   | Place    | Note
-------+----------+-------------------------------------------
     0 | D:1      | Minstaer the Tengu Air Elementalist began the quest for the Orb.
     0 | D:1      | Reached XP level 1. HP: 10/10 MP: 4/4
    89 | D:1      | Reached XP level 2. HP: 15/15 MP: 4/6
   621 | D:2      | Found a shattered altar of Ashenzari.
   645 | D:2      | Reached XP level 3. HP: 9/19 MP: 7/7
   803 | D:2      | Learned a level 3 spell: Static Discharge
   844 | D:2      | Succumbed to an adder's poison

Skill      XL: |  1  2 |
---------------+-------+-----
Conjurations   | 2 3 |  3.1
Dodging        | |  2.1
Stealth        | |  2.0
Spellcasting   | |  2.1
Air Magic      | |  4.3

Action                   || total
-------------------------++-------
Melee: Dagger            ||    35
       Kick              ||     6
       Peck              ||     3
 Cast: Shock             ||    19
 Stab: Sleeping          ||     2
Armor: Robe              ||    18
Dodge: Dodged            ||    48
